 Dungeon Crawl Stone Soup version 0.32-a0-576-g706899e69d (webtiles) character file.

Game seed: 15452713750324258457

103 javelincjr the Grasshopper (level 4, -2/35 HPs)
             Began as a Demonspawn Warper on Mar 1, 2024.
             Incinerated by a bombardier beetle (7 damage)
             ... with a burning spray
             ... on level 3 of the Dungeon.
             The game lasted 00:12:42 (2217 turns).

javelincjr the Grasshopper (Demonspawn Warper)      Turns: 2217, Time: 00:12:43

Health: -2/35      AC:  4    Str: 13    XL:     4   Next: 51%
Magic:  7/7        EV:  9    Int: 13    God:
Gold:   91         SH:  9    Dex: 13    Spells: 3/7 levels left

rFire   . . .        a - +0 spear
rCold   + . .        u - +2 kite shield
rNeg    . . .        b - +0 leather armour
rPois   +            (no helmet)
rElec   .            (no cloak)
rCorr   .            (no gloves)
SInv    .            (no boots)
Will    .....        (no amulet)
Stlth   +            i - ring of protection from cold
HPRegen 0.25/turn    j - ring of poison resistance
MPRegen 0.10/turn

%: no passive effects
@: on fire, glowing
A: rugged brown scales 1
a: no special abilities


You were on level 3 of the Dungeon.
You visited 1 branch of the dungeon, and saw 4 of its levels.

You collected 91 gold pieces.

Inventory:

Hand Weapons
 a - a +0 spear (weapon)
 k - a +0 sling
Missiles
 d - 7 darts of dispersal (quivered)
 g - 46 stones
Armour
 b - a +0 leather armour (worn)
 h - a +0 ring mail
 o - an orb of guile
 t - a +0 scale mail
 u - a +2 kite shield (worn)
 v - a +0 scale mail
Jewellery
 i - a ring of protection from cold (left hand)
 j - a ring of poison resistance (right hand)
Talismans
 p - a flux talisman
Scrolls
 c - a scroll of blinking
 e - 6 scrolls of teleportation {unknown}
 f - a scroll of vulnerability {unknown}
 l - 5 scrolls of identify {unknown}
 m - a scroll of poison {unknown}
 r - a scroll of noise {unknown}
Potions
 n - 2 potions of invisibility {unknown}
 q - 2 potions of curing {unknown}
 s - a potion of brilliance {unknown}


   Skills:
 + Level 2.5 Fighting
 + Level 2.3 Polearms
 - Level 1.3 Throwing
 + Level 1.5 Armour
 + Level 2.2 Dodging
 + Level 2.4 Spellcasting
 + Level 3.1 Translocations


You had 3 spell levels left.
You knew the following spells:

 Your Spells              Type           Power      Damage    Failure   Level
a - Blink                 Tloc           18%        N/A       47%         2
b - Lesser Beckoning      Tloc           18%        N/A       47%         2

Your spell library contained the following spells:

 Spells                   Type           Power      Damage    Failure   Level
 Teleport Other           Tloc           9%         N/A       71%         3
 Manifold Assault         Tloc           9%         N/A       98%         4
 Vhi's Electric Charge    Tloc/Air       10%        N/A       100%        4


Dungeon Overview and Level Annotations

Branches:
Dungeon (4/15)
 Temple: D:4-7

Altars:


Innate Abilities, Weirdness & Mutations

You are partially covered in rugged brown scales. (AC +1, +3% HP)


Message History

The bombardier beetle sprays incendiary fluid at you.
The burning spray misses you.
You barely miss the bombardier beetle.
The bombardier beetle is severely wounded.
You barely miss the bombardier beetle.
The bombardier beetle is severely wounded.
You block the bombardier beetle's attack.
You hit the bombardier beetle but do no damage.
The bombardier beetle is severely wounded.
You block the bombardier beetle's attack.
You barely miss the bombardier beetle.
The bombardier beetle is severely wounded.
The bombardier beetle bites you.
You hit the bombardier beetle but do no damage.
The bombardier beetle is severely wounded.
You barely miss the bombardier beetle.
The bombardier beetle is severely wounded.
You block the bombardier beetle's attack.
You completely miss the bombardier beetle.
The bombardier beetle is severely wounded.
The bombardier beetle sprays incendiary fluid at you.
The burning spray hits you.
You are covered in liquid fire!
The liquid fire burns you!
You shake off some of the fire as you move.
You climb upwards.
The liquid fire burns you!
* * * LOW HITPOINT WARNING * * *
There is a stone staircase leading down here.
Cast which spell? (? or * to list)
Okay, then.
You shake off some of the fire as you move.
The liquid fire burns you!
* * * LOW HITPOINT WARNING * * *
The bombardier beetle waves its antennae.
The bombardier beetle barely misses you.
You hit the bombardier beetle.
The bombardier beetle is almost dead.
The liquid fire burns you!
You die...

##.##.# #...#.#
#.###..# #.#
##.#####... ...
#.....^... ..#
##.#####.#.
..>...###..# ..
#.....# #
####@B#####.#.##
#.>..)......#
#.######.#..#
#.# # #.# ..#
###


You could see a bombardier beetle.

Vanquished Creatures
  4 adders (D:2)
  A dart slug (D:1)
  2 ribbon worms (D:2)
  10 endoplasms
  2 giant cockroaches (D:1)
  8 goblins
  6 hobgoblins
  3 jackals (D:2)
  2 quokkas (D:1)
  5 ball pythons
  3 bats
  3 frilled lizards (D:1)
  2 kobolds
  4 rats
55 creatures vanquished.

Notes
Turn   | Place    | Note
-------+----------+-------------------------------------------
     0 | D:1      | javelincjr the Demonspawn Warper began the quest for the
                  | Orb.
     0 | D:1      | Reached XP level 1. HP: 16/16 MP: 3/3
   116 | D:1      | Reached skill level 1 in Throwing
   116 | D:1      | Reached skill level 1 in Armour
   135 | D:1      | You fall into a shaft and drop 1 floor!
   152 | D:2      | Gained mutation: You are partially covered in rugged brown
                  | scales. (AC +1, +3% HP) [demonic ancestry]
   152 | D:2      | Reached XP level 2. HP: 5/22 MP: 5/5
   349 | D:2      | Learned a level 2 spell: Blink
   352 | D:2      | Learned a level 2 spell: Lesser Beckoning
   435 | D:2      | Reached XP level 3. HP: 27/27 MP: 6/6
   724 | D:2      | Found a faded altar of an unknown god.
  1210 | D:2      | Reached skill level 3 in Translocations
  1283 | D:2      | Reached XP level 4. HP: 35/35 MP: 7/7
  2217 | D:3      | Incinerated by a bombardier beetle

Illustrated notes

Levels and vault maps discovered:
D:1:      pf_arrival_petrified_forest, layout_basic
D:2:      layout_basic, basic_ecumenical_altar
D:3:      layout_loops_ring, nicolae_dithmenos_the_darkroom
D:4:      layout_layer_cave, amcnicky_altar_gilded, chequers_garden,
          uniq_blork_the_orc, uniq_grinder, uniq_sigmund,
          uniq_crazy_yiuf_cottage

Skill      XL: |  1  2  3 |
---------------+----------+-----
Throwing       | 1 |  1.3
Armour         | 1 |  1.5
Polearms       | 2 |  2.3
Dodging        | 2 |  2.2
Translocations | 3 |  3.1
Fighting       | |  2.5
Spellcasting   | |  2.4

Action                     |  1- 3 |  4- 6 || total
---------------------------+-------+-------++-------
  Melee: Spear             |   146 |   151 ||   297
   Stab: Sleeping          |     2 |     3 ||     5
 Armour: Leather armour    |    61 |    82 ||   143
  Dodge: Dodged            |    74 |    63 ||   137
  Block: Kite shield       |       |    11 ||    11

Table legend: (Time is in decaauts)
 A = Elapsed time spent in this place.
 B = Non-inter-level travel time spent in this place.
 C = Inter-level travel time spent in this place.
 D = Time resting spent in this place.
 E = Time spent auto-exploring this place.
 F = Levels seen in this place.
 G = Mean time per level.
                   A        B        C        D        E       F      G
               +--------+--------+--------+--------+--------+-----+--------+
         Total |   2227 |   2171 |     56 |    197 |   1420 |   4 |  556.8 |
       Dungeon |   2227 |   2171 |     56 |    197 |   1420 |   4 |  556.8 |
               +--------+--------+--------+--------+--------+-----+--------+

Top non-repeatable levels by time:
     D:2: 1275 daAuts
     D:1: 640 daAuts
     D:3: 182 daAuts
     D:4: 129 daAuts
